 Dungeon Crawl Stone Soup version 0.26.0-45-g9c1d065592 (webtiles) character file.

Game seed: 4603500909423527896

557 lawman0 the Sneak (level 7, 0/57 HPs)
             Began as a Deep Dwarf Hedge Wizard on Jan 30, 2021.
             Slain by a phantom (6 damage)
             ... on level 4 of the Dungeon.
             The game lasted 00:07:05 (3231 turns).

lawman0 the Sneak (Deep Dwarf Hedge Wizard)         Turns: 3231, Time: 00:07:05

Health: 0/57       AC:  3    Str: 13    XL:     7   Next: 9%
Magic:  5/9        EV: 13    Int: 17    God:
Gold:   137        SH:  0    Dex: 12    Spells: 2/13 levels left

rFire    . . .     SeeInvis +   f - +0 dagger (venom)
rCold    . . .     Faith    +   (no shield)
rNeg     . . .     Spirit   .   b - +0 robe
rPois    .         Reflect  .   k - +0 helmet
rElec    .         Harm     .   (no cloak)
rCorr    .         Rampage  .   (no gloves)
Will     +....                  (no boots)
Stlth    +++.......             e - amulet of faith
HPRegen  0.00/turn              c - ring of see invisible
MPRegen  0.11/turn              (no ring)

@: non-regenerating
A: damage resistance, heal wounds, sense surroundings 1, no regeneration
a: Heal Wounds


You were on level 4 of the Dungeon.
You visited 1 branch of the dungeon, and saw 4 of its levels.

You collected 137 gold pieces.

Inventory:

Hand Weapons
 f - a +0 dagger of venom (weapon)
Missiles
 s - 13 poisoned darts
Armour
 b - a +0 robe (worn)
 k - a +0 helmet (worn)
Jewellery
 c - a ring of see invisible (left hand)
 e - an amulet of faith (around neck)
 o - an uncursed ring of flight
Wands
 a - a wand of digging (4)
Scrolls
 h - 5 scrolls of enchant armour
 j - 2 scrolls of remove curse
 n - 3 scrolls of fear {unknown}
 q - a scroll of amnesia {unknown}
 r - a scroll of random uselessness {unknown}
Potions
 d - 3 potions of degeneration
 g - 5 potions of curing
 i - 2 potions of haste
 l - a potion of heal wounds
 m - a potion of mutation {unknown}
 p - 2 potions of cancellation {unknown}
 t - a potion of attraction {unknown}


   Skills:
 + Level 1.5 Fighting
 + Level 3.9 Dodging
 + Level 4.5 Stealth
 + Level 3.9 Spellcasting
 * Level 3.2 Conjurations
 * Level 2.8 Summonings
 + Level 1.1 Translocations


You had 2 spell levels left.
You knew the following spells:

 Your Spells              Type           Power        Failure   Level
a - Magic Dart            Conj           56%          4%          1
b - Blink                 Tloc           N/A          16%         2
c - Call Imp              Summ           12%          8%          2
d - Mephitic Cloud        Conj/Pois/Air  7%           30%         3
e - Conjure Flame         Conj/Fire      8%           24%         3

Your spell library contained the following spells:

 Spells                   Type           Power        Failure   Level
 Slow                     Hex            3%           24%         2


Dungeon Overview and Level Annotations

Branches:
Dungeon (4/15)
 Temple: D:4-7

Altars:


Innate Abilities, Weirdness & Mutations

You are resistant to damage.
You can heal yourself by infusing magical energy.
You passively map a small area around you.
You do not regenerate.


Message History

The phantom is lightly damaged.
The phantom barely misses you.
You hit the phantom.
The phantom is lightly damaged.
The phantom hits you.
* * * LOW HITPOINT WARNING * * *
You hit the phantom.
The phantom is lightly damaged.
The phantom closely misses you.
You barely miss the phantom.
The phantom is lightly damaged.
The phantom closely misses you.
You barely miss the phantom.
The phantom is lightly damaged.
The phantom blinks!
The phantom barely misses you.
You miss the phantom.
The phantom is lightly damaged.
The phantom hits you!
You die...

##.##### #...#
#...##.###...##
#.......##....# #.##
#....#.......## #...##
#..#..........# .....#
#..........#..##....#
#.###..............#
#.#?#.............!# *
#.###......@.......##*
#......###.W........##,
##.....###...†))...!..
###...........##.#.#.#.
,
#...###................
,
###..###.#.<...#.#.#.#.
, ,
.###......#.............
,
>.....†.......)...#.#.#.
,
............#...........
,


You could see a phantom.

Vanquished Creatures
  Grinder (D:3)
  Terence (D:3)
  Jessica (D:3)
  Natasha (twice) (D:2)
  Robin (D:2)
  A gnoll (D:2)
  5 adders
  An ooze (D:2)
  A worm (D:3)
  2 dart slugs (D:2)
  5 leopard geckos
  3 orcs
  2 ball pythons
  4 giant cockroaches
  8 hobgoblins
  2 quokkas (D:2)
  13 bats
  4 frilled lizards
  17 goblins
  6 kobolds
  8 rats
88 creatures vanquished.

Vanquished Creatures (collateral kills)
  A sky beast (D:4)
  A worker ant (D:4)
  3 gnolls (D:2)
  An orc (D:4)
  A bat (D:2)
  A frilled lizard (D:3)
8 creatures vanquished.

Grand Total: 96 creatures vanquished

Notes
Turn   | Place    | Note
-------+----------+-------------------------------------------
     0 | D:1      | lawman0 the Deep Dwarf Hedge Wizard began the quest for the
                  | Orb.
     0 | D:1      | Reached XP level 1. HP: 15/15 MP: 4/4
   209 | D:1      | Reached skill level 1 in Conjurations
   365 | D:1      | Reached XP level 2. HP: 22/22 MP: 0/5
   368 | D:1      | Learned a level 2 spell: Blink
   371 | D:1      | Learned a level 2 spell: Call Imp
   762 | D:1      | Reached skill level 1 in Summonings
  1111 | D:2      | Reached XP level 3. HP: 25/28 MP: 4/7
  1321 | D:2      | Learned a level 3 spell: Mephitic Cloud
  1518 | D:2      | Noticed Robin
  1527 | D:2      | Killed Robin
  1604 | D:2      | Reached XP level 4. HP: 31/36 MP: 5/8
  1676 | D:3      | Noticed Jessica
  1685 | D:3      | Killed Jessica
  1762 | D:3      | Noticed Terence
  1775 | D:3      | Killed Terence
  1776 | D:3      | Reached skill level 3 in Stealth
  1852 | D:3      | Noticed Grinder
  1895 | D:3      | Paralysed by Grinder for 5 turns
  1931 | D:3      | Killed Grinder
  1932 | D:3      | Reached skill level 1 in Fighting
  1932 | D:3      | Reached XP level 5. HP: 15/44 MP: 0/9
  1932 | D:3      | Reached XP level 6. HP: 18/51 MP: 0/10
  2033 | D:3      | Learned a level 3 spell: Conjure Flame
  2554 | D:2      | Noticed Natasha
  2564 | D:2      | Killed Natasha
  2565 | D:2      | Reached skill level 4 in Stealth
  2642 | D:2      | Noticed Natasha
  2664 | D:2      | Killed Natasha
  3067 | D:4      | Noticed a sky beast
  3083 | D:4      | Killed a sky beast
  3084 | D:4      | Reached XP level 7. HP: 31/57 MP: 1/9
  3231 | D:4      | Slain by a phantom

Illustrated notes

Levels and vault maps discovered:
D:1:      dpeg_arrival_round_c, layout_loops_ring, serial_glass,
          glass_columns_a, glass_columns_b, feat_on_display
D:2:      layout_basic, grunt_ministairs_14, uniq_robin, uniq_natasha
D:3:      layout_loops_ring, uniq_jessica, uniq_terence, uniq_grinder
D:4:      minmay_bubble_buster, layout_cave_pools, lemuel_crystal_altar,
          serial_glass, glass_columns_c, glass_columns_b, due_unseen_surprise,
          item_on_display_a, minmay_strange_pillars, corexii_hall_statues_t

Skill      XL: |  1  2  3  4  5  6 |
---------------+-------------------+-----
Conjurations   | 1 2 3 |  3.2
Summonings     | 1 2 |  2.8
Spellcasting   | 3 |  3.9
Stealth        | 3 4 |  4.5
Fighting       | 1 |  1.5
Dodging        | 3 |  3.9
Translocations | |  1.1

Action                   |  1- 3 |  4- 6 |  7- 9 || total
-------------------------+-------+-------+-------++-------
Melee: Dagger            |   112 |   137 |    17 ||   266
 Cast: Magic Dart        |    57 |    13 |       ||    70
       Call Imp          |       |    13 |     3 ||    16
 Abil: Heal Wounds       |     1 |     4 |       ||     5
  Use: Scroll            |     2 |     5 |       ||     7
 Stab: Sleeping          |     3 |     8 |       ||    11
Armor: Robe              |    16 |    25 |       ||    41
Dodge: Dodged            |    85 |    87 |    16 ||   188
